 Dungeon Crawl Stone Soup version 0.31.0-12-g77e489cdc1 (webtiles) character file.

Game seed: 5276432800016110045

16142 Tovical the Carver (level 12, -2/78 (81) HPs)
             Began as a Tengu Reaver on Mar 3, 2024.
             Was an Elder of Kikubaaqudgha.
             Shot with an arrow by a centaur warrior (20 damage)
             ... on level 9 of the Dungeon.
             The game lasted 02:08:34 (12522 turns).

Tovical the Carver (Tengu Reaver)                  Turns: 12522, Time: 02:08:34

HP:   -2/78 (81)    AC: 11    Str: 23    XL:     12   Next: 34%
MP:   16/16         EV: 35    Int: 15    God:    Kikubaaqudgha [****..]
Gold: 562           SH:  5    Dex: 12    Spells: 11/15 levels left

rFire   + . .        a - +0 falchion
rCold   . . .        (no shield)
rNeg    + . .        i - +0 acid dragon scales
rPois   +            d - +1 hat
rElec   .            f - +2 cloak
rCorr   +            c - +0 pair of gloves
SInv    .            (boots unavailable)
Will    .....        q - amulet of reflection
Stlth   +            v - ring of positive energy
HPRegen 0.33/turn    k - +6 ring of strength
MPRegen 0.15/turn

%: reflection, acrobat, clarity
@: about to teleport, acrobatic, flying, lightly drained
A: beak, talons 3, evasive flight, acrobatic, clarity, fire resistance 1, poison
resistance
a: Renounce Religion, Unearth Wretches


You were on level 9 of the Dungeon.
You worshipped Kikubaaqudgha.
Kikubaaqudgha was greatly pleased with you.
You visited 3 branches of the dungeon, and saw 14 of its levels.

You collected 562 gold pieces.

Inventory:

Hand Weapons
 a - a +0 falchion (weapon)
 b - a +2 dagger of draining
Missiles
 p - 11 poisoned darts (quivered)
 w - 6 javelins
Armour
 c - a +0 pair of gloves (worn)
 d - a +1 hat (worn)
 f - a +2 cloak (worn)
 i - +0 acid dragon scales (worn)
Jewellery
 e - a ring of protection from cold
 g - a +4 ring of protection
 h - a ring of see invisible
 k - a +6 ring of strength (right hand)
 l - a ring of fire
 q - an amulet of reflection (around neck)
 v - a ring of positive energy (left hand)
Wands
 s - a wand of polymorph (13)
Scrolls
 n - 13 scrolls of identify
Potions
 r - 2 potions of ambrosia


   Skills:
 + Level 11.8 Fighting
 + Level 12.9 Long Blades
 + Level 12.6 Dodging
 - Level 2.0 Spellcasting
 - Level 4.0 Conjurations


You had 11 spell levels left.
You knew the following spells:

 Your Spells              Type           Power      Damage    Failure   Level
a - Kiss of Death         Conj/Necr      28%        2d7       12%         1
b - Necrotise             Necr           4%         1d4       28%         1
c - Momentum Strike       Conj/Tloc      14%        3d8       19%         2

Your spell library contained the following spells:

 Spells                   Type           Power      Damage    Failure   Level
 Magic Dart               Conj           52%        1d5       5%          1
 Hailstorm                Conj/Ice       7%         3d5       36%         3
 Blink                    Tloc           2%         N/A       38%         2
 Call Imp                 Summ           2%         N/A       38%         2
 Cigotuvi's Dreadful Rot  Necr/Alch/Air  2%         N/A       38%         2
 Fugue of the Fallen      Necr           1%         N/A       63%         3
 Vampiric Draining        Necr           1%         2d6       63%         3
 Anguish                  Hex/Necr       0%         N/A       95%         4
 Dispel Undead            Necr           1%         3d6       95%         4
 Martyr's Knell           Necr/Summ      1%         N/A       95%         4
 Curse of Agony           Necr           1%         N/A       100%        5


Dungeon Overview and Level Annotations

Branches:
Dungeon (10/15)            Temple (1/1) D:4            Lair (3/5) D:8
 Shoals (0/4) Lair:2       Spider (0/4) Lair:2
    Orc: D:9-12

Altars:
Ashenzari
Cheibriados
Dithmenos
Elyvilon
Fedhas
Gozag
Hepliaklqana
Kikubaaqudgha
Makhleb
Nemelex Xobeh
Okawaru
Qazlal
Ru
Sif Muna
Trog
Uskayaw
Vehumet
Wu Jian
Xom
Yredelemnul
Zin
The Shining One

Shops:
D:1 :   D:5 (   D:9 *

Annotations:
D:7 2 transporters, spaghetti's ghost, novice DsCK
D:8 3 runed translucent doors, Gadfly's ghost, novice AtFi; Tripartite's ghost, novice FoHu; Valrug's ghost, novice MiBe; jimmypageman's ghost, novice GrFi
Lair:2 1 transporter


Innate Abilities, Weirdness & Mutations

You have a beak for a mouth.
You have claws for feet.
Your magical flight helps you evade attacks. (EV +4)
You can magically evade attacks while moving or waiting.
You possess an exceptional clarity of mind.
Your flesh is heat resistant. (rF+)
Your system is resistant to poisons. (rPois)


Message History

The unseen horror simulacrum hits you.
The unseen horror simulacrum freezes you!
The unseen horror simulacrum attacks as it pursues you!
The unseen horror simulacrum closely misses you.
The unseen horror simulacrum hits you but does no damage.
The unseen horror simulacrum completely misses you.
The unseen horror simulacrum misses you.
The unseen horror simulacrum completely misses you.
You block the unseen horror simulacrum's attack.
You feel better.
The unseen horror simulacrum completely misses you.
The unseen horror simulacrum hits you but does no damage.
The unseen horror simulacrum misses you.
Casting: Kiss of Death (safe; 12% risk of failure)
Confirm with . or Enter, or press ? or * to list all spells.
You can't see any susceptible monsters within range! (Use Z to cast anyway.) Unknown command.
Unknown command.
Casting: Kiss of Death (safe; 12% risk of failure)
Confirm with . or Enter, or press ? or * to list all spells.
You can't see any susceptible monsters within range! (Use Z to cast anyway.) Unknown command.
You slash the unseen horror simulacrum! You claw the unseen horror simulacrum!
You peck the unseen horror simulacrum, but do no damage.
The unseen horror simulacrum is almost destroyed.
The unseen horror simulacrum hits you!
The unseen horror simulacrum freezes you!
The unseen horror simulacrum completely misses you.
You hit the unseen horror simulacrum.
The unseen horror simulacrum vaporises!
Kikubaaqudgha accepts your kill.
The centaur warrior shoots an arrow.
The arrow closely misses you.
As you read the scroll of teleportation, it crumbles to dust.
You feel strangely unstable.
The centaur warrior shoots an arrow.
The arrow hits you!
The centaur warrior shoots an arrow.
The arrow hits you!
* * * LOW HITPOINT WARNING * * *
The centaur warrior shoots an arrow.
The arrow hits you!!
You die...
Kikubaaqudgha rasps: "You have failed me!
Welcome... death!"

... #### .... .....
##.##### ...# ...... ...#
#.#..####..# #.##..=...#
#.#..#..### ####
#.#.###.######..#
#######[..# #.@.°c##..#
........#########H##..# ###
.######.##........##..##..#
#.##.......c........#
#..#.............#.#
##.#.........#..#..# .
#.#........)##...## .#
#.#............#..# .#
#.#..........#....##


You could see a centaur warrior and a manticore.

Vanquished Creatures
  A death yak (Lair:2)
  Maurice (D:8)
  A merfolk siren (Lair:2)
  Joseph (D:7)
  2 black mambas (Lair:1)
  Maggie (D:6)
  3 cane toads (Lair:1)
  A rime drake (D:8)
  6 komodo dragons
  2 polar bears (Lair:1)
  Prince Ribbit (D:8)
  7 spriggans (Lair:1)
  A wyvern (D:9)
  A basilisk (Lair:1)
  7 fire bats
  An unseen horror simulacrum (D:9)
  17 yaks
  5 water moccasins
  8 ice beasts
  An orc warrior (D:6)
  2 sky beasts
  2 black bears
  15 wolves
  5 centaurs
  5 scorpions
  10 bullfrogs
  A gnoll sergeant (D:5)
  A wight (D:9)
  A killer bee (D:9)
  An electric eel (Lair:2)
  2 jellies (D:6)
  2 hounds
  2 gnoll boudas
  6 orc priests
  5 iguanas
  3 sleepcaps
  4 orc wizards
  19 gnolls
  7 adders
  A white imp (D:6)
  6 ufetubi
  4 ribbon worms
  3 dart slugs
  11 orcs
  5 endoplasms
  9 giant cockroaches
  9 hobgoblins
  12 jackals
  3 quokkas
  6 ball pythons
  10 bats
  4 frilled lizards
  4 goblins
  4 kobolds
  6 rats
258 creatures vanquished.

Vanquished Creatures (others)
  An adder (D:8)
  An endoplasm (D:8)
2 creatures vanquished.

Grand Total: 260 creatures vanquished

Notes
Turn   | Place    | Note
-------+----------+-------------------------------------------
     0 | D:1      | Tovical the Tengu Reaver began the quest for the Orb.
     0 | D:1      | Reached XP level 1. HP: 12/12 MP: 4/4
    48 | D:1      | Reached XP level 2. HP: 14/18 MP: 4/6
   174 | D:1      | Reached XP level 3. HP: 22/22 MP: 7/7
   725 | D:1      | Found Riblon's Book Boutique.
  1207 | D:2      | Reached XP level 4. HP: 18/27 MP: 8/8
  2413 | D:3      | Reached XP level 5. HP: 21/28 MP: 7/9
  3055 | D:5      | Entered Level 5 of the Dungeon
  3344 | D:4      | Found a staircase to the Ecumenical Temple.
  3350 | Temple   | Entered the Ecumenical Temple
  3405 | Temple   | Became a worshipper of Ru the Awakened
  3463 | Temple   | Fell from the grace of Ru
  3463 | Temple   | Became a worshipper of Kikubaaqudgha
  3514 | D:4      | Identified the +1 robe "Zysyk" {Int+2 Archmagi}
  3561 | D:4      | Reached XP level 6. HP: 30/31 MP: 10/10
  3952 | Temple   | Reached skill level 5 in Long Blades
  4686 | D:5      | Gained mutation: Your magical flight helps you evade
                  | attacks. (EV +4) [Tengu growth]
  4686 | D:5      | Reached XP level 7. HP: 41/42 MP: 11/11
  4693 | D:5      | Found Fururyp's Weapon Emporium.
  4748 | D:5      | Reached skill level 5 in Dodging
  5175 | D:6      | Reached skill level 5 in Fighting
  5182 | D:6      | Noticed Maggie
  5234 | D:6      | Killed Maggie
  5235 | D:6      | Reached XP level 8. HP: 45/51 MP: 12/12
  5584 | D:6      | Reached * piety under Kikubaaqudgha
  5584 | D:6      | Received a gift from Kikubaaqudgha
  5587 | D:6      | Learned a level 1 spell: Necrotise
  6234 | D:6      | Reached XP level 9. HP: 56/56 MP: 13/13
  6310 | D:7      | Noticed Joseph
  6327 | D:7      | Gained mutation: You possess an exceptional clarity of
                  | mind. [potion of mutation]
  6327 | D:7      | Gained mutation: Your flesh is heat resistant. (rF+)
                  | [potion of mutation]
  6327 | D:7      | Gained mutation: Your system is resistant to poisons.
                  | (rPois) [potion of mutation]
  6719 | D:7      | Found a transporter.
  6726 | D:7      | Found a transporter.
  6728 | D:7      | Found a bloodstained altar of Trog.
  6728 | D:7      | Noticed a moth of wrath
  6757 | D:7      | Killed Joseph
  6884 | D:7      | Noticed spaghetti's ghost (novice DsCK)
  7518 | D:8      | Noticed Maurice
  7580 | D:8      | Maurice stole a +4 ring of protection
  7581 | D:8      | Maurice stole a +0 falchion
  7626 | D:8      | Something stole 403 gold
  7684 | D:8      | Killed Maurice
  7863 | D:8      | Noticed a rime drake
  7895 | D:8      | Killed a rime drake
  7896 | D:8      | Reached XP level 10. HP: 48/65 MP: 12/14
  8076 | D:8      | Found a staircase to the Lair.
  8115 | D:8      | Found a bloodstained altar of Trog.
  8116 | D:8      | Noticed Prince Ribbit
  8141 | D:8      | Killed Prince Ribbit
  8202 | D:8      | Found a runed translucent gate.
  8202 | D:8      | Found a runed translucent gate.
  8202 | D:8      | Found a runed translucent gate.
  8208 | D:8      | Noticed Gadfly's ghost (novice AtFi)
  8208 | D:8      | Noticed Valrug's ghost (novice MiBe)
  8209 | D:8      | Noticed Tripartite's ghost (novice FoHu)
  8209 | D:8      | Noticed jimmypageman's ghost (novice GrFi)
  8361 | D:8      | Reached ** piety under Kikubaaqudgha
  8442 | D:8      | Learned a level 2 spell: Momentum Strike
  8456 | D:9      | Found Agisiyf's Assorted Antiques.
  8488 | D:8      | Reached skill level 10 in Long Blades
  8787 | Lair:1   | Entered Level 1 of the Lair of Beasts
  8922 | Lair:1   | Reached skill level 10 in Dodging
  8950 | Lair:1   | Noticed a cane toad
  8954 | Lair:1   | a cane toad changed into a polar bear
  9281 | Lair:1   | Reached XP level 11. HP: 72/72 MP: 15/15
  9284 | Lair:1   | Reached skill level 10 in Fighting
 10031 | Lair:1   | Reached *** piety under Kikubaaqudgha
 10031 | Lair:1   | Received a gift from Kikubaaqudgha
 10866 | Lair:2   | Found a transporter.
 10924 | Lair:1   | Reached XP level 12. HP: 78/80 MP: 16/16
 11430 | Lair:2   | Found a staircase to the Shoals.
 11518 | Lair:2   | Noticed a death yak
 11518 | Lair:2   | Noticed a death yak
 11518 | Lair:2   | Noticed a death yak
 11548 | Lair:2   | Noticed a death yak
 11549 | Lair:2   | Noticed a death yak
 11587 | Lair:2   | Killed a death yak
 11992 | Lair:2   | Found a hole to the Spider Nest.
 12003 | Lair:2   | Noticed a demonic crawler
 12303 | D:8      | Reached **** piety under Kikubaaqudgha
 12338 | D:10     | Entered Level 10 of the Dungeon
 12453 | D:9      | Identified the +0 leather armour of Supple Strength {rPois
                  | rCorr}
 12492 | D:9      | Noticed a centaur warrior
 12522 | D:9      | Shot with an arrow by a centaur warrior

Illustrated notes

Levels and vault maps discovered:
D:1:      wander_arrival_chamber, layout_loops_ring, serial_shops, shop,
          minmay_misc_feat_columns, minmay_misc_feat_ornament,
          minmay_indecisive_spiral
D:2:      layout_loops_ring, hangedman_decor_clover_reticule,
          nrook_loot_triangle, chequers_jeans, kennysheep_path_1
D:3:      layout_basic
D:4:      layout_basic, minmay_temple_entry_hall, serial_bayou,
          serial_bayou_ford_a, serial_bayou_lake_a, serial_bayou_lagoon_b,
          serial_bayou_pond_a, hangedman_decor_slide_cut
D:5:      layout_basic, serial_shops, nicolae_shop_bloodbath_and_beyond
D:6:      layout_gridville, minmay_fractal_squares_diagonal_5, uniq_maggie
D:7:      layout_loops_cross, gammafunk_ghost_wrathful_warriors,
          chequers_mini_garden, minmay_statues_item, minmay_misc_feat_x,
          hangedman_glass_teeth, uniq_joseph
D:8:      layout_basic, bloody_trog, hellmonk_lair_entry_icy,
          gammafunk_ghost_cemetery, uniq_prince_ribbit1, uniq_maurice
D:9:      layout_rooms, serial_shops, nicolae_stop_n_shop_2,
          minmay_shattered_shrine
D:10:     layout_cave_pools, hangedman_ranch
Temple:   nicolae_temple_the_god_donut
Lair:1:   kb_forest_paths, layout_long_grid, st_stairs_9, lemuel_fruit_fields
Lair:2:   gammafunk_cloud_chamber, layout_gridlike,
          minmay_shoals_entry_lonely_mermaid, nicolae_spider_entry_non_spiders
Lair:3:   layout_concentric_octagons, ebering_ghost_xom

Skill      XL: |  1  2  3  4  5  6  7  8  9 10 11 |
---------------+----------------------------------+-----
Dodging        | 3 4 6 7 9 10 12 | 12.6
Long Blades    | 4 5 6 7 9 10 12 | 12.9
Fighting       | 3 4 5 6 8 9 11 | 11.8
Spellcasting   | |  2.0
Conjurations   | |  4.0

Action                     |  1- 3 |  4- 6 |  7- 9 | 10-12 || total
---------------------------+-------+-------+-------+-------++-------
  Melee: Falchion          |    80 |   204 |   188 |     6 ||   478
         Kick              |    26 |    52 |    84 |   277 ||   439
         Peck              |     8 |    35 |    46 |   179 ||   268
         Punch             |     1 |       |     5 |    13 ||    19
         Dagger            |       |       |    87 |   763 ||   850
         Unarmed           |       |       |    39 |       ||    39
  Throw: Boomerang         |       |       |     7 |       ||     7
         Dart              |       |       |    11 |    29 ||    40
         Javelin           |       |       |     8 |       ||     8
         Throwing net      |       |       |     5 |       ||     5
   Cast: Kiss of Death     |     1 |     4 |     3 |     1 ||     9
         Necrotise         |       |       |     1 |       ||     1
 Invoke: Unearth Wretches  |       |       |     1 |       ||     1
  Evoke: Wand              |       |     5 |    22 |     7 ||    34
    Use: Scroll            |       |     3 |     5 |     6 ||    14
         Potion            |       |     7 |     8 |     4 ||    19
   Stab: Invisible         |       |       |     3 |       ||     3
         Held in net/web   |       |       |     2 |       ||     2
 Armour: Leather armour    |    11 |   101 |    14 |       ||   126
         Plate armour      |    29 |    38 |       |       ||    67
         Acid dragon scale |       |       |   119 |   230 ||   349
         Skin              |       |       |    11 |       ||    11
  Dodge: Dodged            |    44 |   131 |   319 |   592 ||  1086
  Block: Other             |       |       |       |     6 ||     6
